 Dungeon Crawl Stone Soup version 0.30-a0-777-ga9a30cbeda (webtiles) character file.

Game seed: 2112584628923714617

2719358 Lobster4 the Petrodigitator (level 27, 192/192 (197) HPs)
             Began as a Gargoyle Earth Elementalist on Feb 12, 2023.
             Was the Champion of Vehumet.
             Escaped with the Orb
             ... and 6 runes on Feb 13, 2023!
             The game lasted 07:31:19 (142423 turns).

Lobster4 the Petrodigitator (GrEE)                Turns: 142423, Time: 07:31:19

HP:   192/192 (197) AC: 51    Str: 18    XL:     27
MP:   53/59         EV: 17    Int: 36    God:    Vehumet [******]
Gold: 11330         SH: 12    Dex: 13    Spells: 18/72 levels left

rFire   + + +      SeeInvis +    V - +9 broad axe "Sicewul" {venom, rN+ Will+}
rCold   + + +      Faith    .    r - +3 buckler {reflect}
rNeg    + + +      Spirit   .    w - +6 scale mail of Sif Muna's Indignation {rCorr Int+2}
rPois   ∞          Reflect  +    Z - +1 hat of Restlessness {rF+ rC++}
rElec   +          Harm     .    N - +2 cloak {Will+}
rCorr   +          Rampage  .    b - +2 pair of gloves {Str+3}
Will    +++++                    o - +1 pair of boots "Zouh Cesuly" {Fly Int+4 Slay+2} Stlth
                                 z - amulet "Dairro" {RegenMP rPois Int+3}
HPRegen 0.52/turn                P - ring "Fyedun" {rN+ Will+ MP+9 Dex+3}
MPRegen 0.76/turn                x - ring "Jitabozo" {rF+ rC+ EV+5 SInv Stlth-}

@: flying, lightly drained
A: sickness immunity, AC +20, big wings, negative energy resistance 1,
electricity resistance, torment resistance 1, petrification resistance, hooves
1, fire resistance 1
0: Orb of Zot
}: 6/15 runes: barnacled, slimy, silver, obsidian, icy, gossamer
a: Renounce Religion


You escaped.
You worshipped Vehumet.
Vehumet was exalted by your worship.
You visited 17 branches of the dungeon, and saw 79 of its levels.
You also visited: Bailey, Gauntlet, Ice Cave, Wizlab and Desolation.

You collected 16226 gold pieces.
You spent 4896 gold pieces at shops.

Inventory:

Hand Weapons
 V - the +9 broad axe "Sicewul" (weapon) {venom, rN+ Will+}
   (You found it on level 3 of the Vaults)

   rN:        It protects you from negative energy.
   Will:      It increases your willpower.
Missiles
 q - 3 curare-tipped darts
 I - 27 poisoned darts (quivered)
 J - 15 silver javelins
Armour
 a - the +7 fire dragon scales of the Neverending Loafs {rF++ rC- rCorr}
   (You found it in the Desolation of Salt)

   rF:        It greatly protects you from fire.
   rC:        It makes you vulnerable to cold.
   rCorr:     It protects you from acid and corrosion.
 b - a +2 pair of gloves of strength (worn)
 k - a +2 cloak of preservation
 o - the +1 pair of boots "Zouh Cesuly" (worn) {Fly Int+4 Slay+2}
   (You acquired it on level 3 of the Elven Halls)

   Int:       It affects your intelligence (+4).
   Slay:      It affects your accuracy & damage with ranged weapons and melee
   (+2).
   Fly:       It grants you flight.
 r - a +3 buckler of reflection (worn)
 w - the +6 scale mail of Sif Muna's Indignation (worn) {rCorr Int+2}
   (You bought it in a shop on level 5 of the Vaults)

   Int:       It affects your intelligence (+2).
   rCorr:     It protects you from acid and corrosion.
 N - a +2 cloak of willpower (worn)
 R - the +18 shield of the Gong {Loud rN+ Will+ rCorr EV-5}
   (You found it on level 2 of the Vaults)

   Loud:      It is deafeningly noisy when blocking attacks.
   EV:        It affects your evasion (-5).
   rN:        It protects you from negative energy.
   rCorr:     It protects you from acid and corrosion.
   Will:      It increases your willpower.
 Z - the +1 hat of Restlessness (worn) {rF+ rC++}
   (You found it on level 4 of the Spider Nest)

   rF:        It protects you from fire.
   rC:        It greatly protects you from cold.
Jewellery
 x - the ring "Jitabozo" (right hand) {rF+ rC+ EV+5 SInv Stlth-}
   (You bought it in a shop on level 8 of the Dungeon)

   [ring of evasion]

   EV:        It affects your evasion (+5).
   rF:        It protects you from fire.
   rC:        It protects you from cold.
   SInv:      It lets you see invisible.
   Stlth:     It makes you less stealthy.
 z - the amulet "Dairro" (around neck) {RegenMP rPois Int+3}
   (You bought it in a shop on level 8 of the Dungeon)

   [amulet of magic regeneration]

   It increases your rate of magic regeneration.
   Int:       It affects your intelligence (+3).
   rPois:     It protects you from poison.
 C - the ring "Oguet" {Will+ MP+9 AC+4}
   (You found it in a Gauntlet)

   [ring of protection]

   AC:        It affects your AC (+4).
   MP:        It affects your magic capacity (+9).
   Will:      It increases your willpower.
 P - the ring "Fyedun" (left hand) {rN+ Will+ MP+9 Dex+3}
   (You took it off a deep elf demonologist on level 3 of the Elven Halls)

   [ring of positive energy]

   Dex:       It affects your dexterity (+3).
   rN:        It protects you from negative energy.
   MP:        It affects your magic capacity (+9).
   Will:      It increases your willpower.
Wands
 d - a wand of digging (31)
 F - a wand of mindburst (7)
 L - a wand of light (14)
 U - a wand of roots (41)
Scrolls
 c - 2 scrolls of enchant weapon
 f - 16 scrolls of teleportation
 g - 2 scrolls of poison
 l - 14 scrolls of fog
 t - 2 scrolls of fear
 A - 3 scrolls of magic mapping
 G - 2 scrolls of amnesia
 H - a scroll of butterflies
 K - 2 scrolls of blinking
Potions
 h - 10 potions of cancellation
 i - 8 potions of haste
 m - 4 potions of resistance
 n - 17 potions of might
 p - 22 potions of curing
 s - 4 potions of invisibility
 D - 10 potions of ambrosia
 E - 11 potions of lignification
 M - 6 potions of magic
 O - 7 potions of berserk rage
 S - 7 potions of heal wounds
 T - 13 potions of mutation
Miscellaneous
 e - the horn of Geryon
 j - a condenser vane
 u - a phial of floods
 v - a phantom mirror (inert)
 B - a tin of tremorstones (2/2)
 W - a lightning rod (4/4)
 Y - a box of beasts


   Skills:
 + Level 26.6 Fighting
 - Level 10.9(12.0) Axes
 - Level 8.5(11.7) Maces & Flails
 - Level 4.0(6.7) Staves
 - Level 1.0 Throwing
 + Level 24.8 Armour
 - Level 5.0 Dodging
 - Level 3.0 Stealth
 - Level 22.0 Shields
 + Level 23.1 Spellcasting
 O Level 27 Conjurations
 - Level 13.0 Summonings
 - Level 3.0 Transmutations
 - Level 10.0 Fire Magic
 O Level 27 Earth Magic
 - Level 7.0 Evocations


You had 18 spell levels left.
You knew the following spells:

 Your Spells              Type           Power      Damage    Failure   Level
a - Sandblast             Erth           100%       2d20      0%          1
b - Stone Arrow           Conj/Erth      100%       3d13      0%          3
c - Iron Shot             Conj/Erth      62%        9d12      0%          6
d - Lehudib's Crystal Sp  Conj/Erth      62%        10d14     1%          8
e - Lee's Rapid Deconstr  Erth           62%        3d29*     0%          5
f - Passwall              Tmut/Erth      82%        N/A       0%          2
g - Spellforged Servitor  Conj/Summ      55%        N/A       1%          7
h - Shatter               Erth           62%        3d46*     1%          9
o - Orb of Destruction    Conj           62%        9d15      0%          7
s - Starburst             Conj/Fire      54%        6d15      1%          6

Your spell library contained the following spells:

 Spells                   Type           Power      Damage    Failure   Level
 Chain Lightning          Conj/Air       47%        3d63      69%         9
 Polar Vortex             Ice            20%        N/A       100%        9
 Foxfire                  Conj/Fire      100%       2x1d9     0%          1
 Kiss of Death            Conj/Necr      100%       2d13      0%          1
 Summon Small Mammal      Summ           100%       N/A       0%          1
 Call Canine Familiar     Summ           94%        N/A       0%          3
 Dazzling Flash           Conj/Hex       100%       N/A       0%          3
 Hailstorm                Conj/Ice       95%        3d19      0%          3
 Animate Armour           Summ/Erth      100%       N/A       0%          4
 Flame Wave               Conj/Fire      100%       2d21      0%          4
 Sticky Flame             Conj/Fire      100%       2d11      0%          4
 Fireball                 Conj/Fire      54%        3d21      0%          5
 Apportation              Tloc           82%        N/A       1%          1
 Beastly Appendage        Tmut           100%       N/A       1%          1
 Freeze                   Ice            100%       1d10      1%          1
 Necrotise                Necr           100%       1d9       1%          1
 Sting                    Tmut/Pois      100%       1d8       1%          1
 Poisonous Vapours        Pois/Air       82%        N/A       1%          2
 Wereblood                Tmut           58%        N/A       1%          2
 Frozen Ramparts          Ice            82%        1d13      1%          3
 Ignite Poison            Fire/Tmut/Pois 64%        N/A       1%          3
 Inner Flame              Hex/Fire       67%        N/A       1%          3
 Kindle Blastsparks       Fire/Tloc/Air  100%       2d18      1%          3
 Mephitic Cloud           Conj/Pois/Air  82%        N/A       1%          3
 Spider Form              Tmut/Pois      51%        N/A       1%          3
 Summon Guardian Golem    Hex/Summ       73%        N/A       1%          3
 Iskenderun's Mystic Bla  Conj/Tloc      95%        2d18      1%          4
 Leda's Liquefaction      Hex/Erth       47%        N/A       1%          4
 Petrify                  Tmut/Erth      99%        N/A       1%          4
 Summon Ice Beast         Ice/Summ       73%        N/A       1%          4
 Summon Lightning Spire   Summ/Air       73%        N/A       1%          4
 Arcjolt                  Conj/Air       47%        1d57      1%          5
 Freezing Cloud           Conj/Ice/Air   41%        6-21      1%          5
 Lightning Bolt           Conj/Air       47%        1d68      1%          5
 Summon Forest            Summ/Tloc      36%        N/A       1%          5
 Conjure Ball Lightning   Conj/Air       47%        3x3d16    1%          6
 Confusing Touch          Hex            41%        N/A       3%          3
 Gell's Gravitas          Tloc           41%        N/A       3%          3
 Ozocubu's Armour         Ice            41%        N/A       3%          3
 Portal Projectile        Hex/Tloc       82%        N/A       3%          3
 Teleport Other           Tloc           41%        N/A       3%          3
 Tukima's Dance           Hex            41%        N/A       3%          3
 Vhi's Electric Charge    Tloc/Air       82%        N/A       3%          3
 Airstrike                Air            20%        2d(3-19)  3%          4
 Olgreb's Toxic Radiance  Pois           41%        N/A       3%          4
 Yara's Violent Unravell  Hex/Tmut       25%        3d11      4%          5
 Summon Hydra             Summ           47%        N/A       4%          7
 Blade Hands              Tmut           29%        N/A       9%          5
 Anguish                  Hex/Necr       20%        N/A       11%         4
 Cause Fear               Hex            20%        N/A       11%         4
 Dispel Undead            Necr           41%        3d16      11%         4
 Passage of Golubria      Tloc           41%        N/A       11%         4
 Alistair's Intoxication  Tmut/Pois      34%        N/A       16%         5
 Eringya's Noxious Bog    Tmut/Pois      25%        N/A       22%         6
 Ignition                 Fire           42%        3d12      28%         8
 Metabolic Englaciation   Hex/Ice        20%        N/A       30%         5
 Silence                  Hex/Air        20%        N/A       30%         5
 Summon Horrible Things   Summ           47%        N/A       34%         8
 Malign Gateway           Summ/Tloc      36%        N/A       54%         7
 Death Channel            Necr           20%        N/A       86%         6
 Dispersal                Tloc           20%        N/A       86%         6
 Simulacrum               Ice/Necr       20%        N/A       86%         6
 Ozocubu's Refrigeration  Ice            20%        4d12      89%         7
 Storm Form               Tmut/Air       25%        N/A       99%         7
 Dragon's Call            Summ           47%        N/A       99%         9
 Enfeeble                 Hex            20%        N/A       100%        7
 Borgnjor's Revivificati  Necr           20%        N/A       100%        8
 Discord                  Hex            20%        N/A       100%        8
 Maxwell's Capacitive Co  Air            20%        ∞         100%        8
 Necromutation            Tmut/Necr      25%        N/A       100%        8
 Death's Door             Necr           20%        N/A       100%        9
 Cigotuvi's Dreadful Rot  Necr/Pois/Air  Unusable   N/A       N/A         2
 Statue Form              Tmut/Erth      Unusable   N/A       N/A         6

Dungeon Overview and Level Annotations

Branches:
Dungeon (15/15)            Temple (1/1) D:5            Lair (5/5) D:9
 Shoals (4/4) Lair:2       Spider (4/4) Lair:3        Slime (5/5) Lair:4
    Orc (2/2) D:9             Elf (3/3) Orc:2        Vaults (5/5) D:13
  Crypt (3/3) Vaults:3       Tomb (1/3) Crypt:3      Depths (4/4) D:15
   Hell (visited)             Dis (0/7) Hell            Geh (7/7) Hell
    Coc (7/7) Hell            Tar (7/7) Hell            Zot (5/5) Depths:4
 Bailey (visited)           IceCv (visited)          WizLab (visited)
Desolation (visited)      Gauntlet (visited)

Altars:
Ashenzari
Cheibriados
Dithmenos
Elyvilon
Fedhas
Gozag
Hepliaklqana
Kikubaaqudgha
Makhleb
Nemelex Xobeh
Okawaru
Qazlal
Ru
Sif Muna
Trog
Uskayaw
Vehumet
Wu Jian
Xom
Yredelemnul
Zin
The Shining One
Jiyva
Lugonu

Shops:
D:6 *   D:8 =   D:11 =?((   Orc:2 ***:[   Elf:1 (**   Shoals:3 *[*(
Vaults:1 ?[=   Vaults:4 !   Vaults:5 ?!!!!!(!*[=

Portals:
Hell: Depths:1 Depths:2 Depths:3 Depths:4
Abyss: Lair:5 Depths:3 Depths:4
Pandemonium: Orc:2 Depths:2
Ziggurat: Depths:2

Annotations:
D:1 Boris
Tar:7 exclusion: door, Ereshkigal
Zot:2 3 runed translucent doors, Kawoqao's ghost, legendary MiBe; Zeaxzic Paph's ghost, veteran OgBe
Zot:5 1 exclusion


Innate Abilities, Weirdness & Mutations

You are immune to sickness and miasma.
Your stone body is resilient. (AC +20)
You are immune to poison.
Your large and strong wings let you fly.
You resist negative energy. (rN+)
You are resistant to electric shocks. (rElec)
You are resistant to unholy torment.
You are immune to petrification.
You have large cloven feet.
Your flesh is heat resistant. (rF+)


Message History

The green death gestures at you.
The blast of poison engulfs you but does no damage.
You resist.
There is a stone staircase leading up here.
You fly upwards.
There is a stone staircase leading down here.
A Brimstone Fiend comes into view.
The Brimstone Fiend moves out of view.
A sun demon comes into view.
Casting: Lehudib's Crystal Spear (mildly dangerous; 1% risk of failure)
Confirm with . or Enter, or press ? or * to list all spells.
Aiming: Lehudib's Crystal Spear (mildly dangerous; 1% risk of failure)
Press: ? - help, Shift-Dir - straight line, f - sun demon
Aim: a sun demon (80% to hit)
The crystal spear hits the sun demon!!!
You kill the sun demon!
Vehumet accepts your kill.
You feel your power returning.
There is a stone staircase leading up here.
You fly upwards.
There is a stone staircase leading down here.
There is a stone staircase leading up here.
You start resting.
A blizzard demon comes into view.
A blizzard demon is nearby!
You start resting.
A blizzard demon is nearby!
You fly upwards.
There is a stone staircase leading down here.
There is a stone staircase leading up here.
You fly upwards.
There is a stone staircase leading down here.
Casting: Lehudib's Crystal Spear (mildly dangerous; 1% risk of failure)
Confirm with . or Enter, or press ? or * to list all spells.
The dungeon rumbles!
Ka-crash!
Unknown command.
Boris, Master of Life and Death comes into view.
He is wearing a +2 robe of fire resistance.
There is a staircase leading out of the dungeon here.
Boris is empowered by the presence of the orb!
You have escaped!

..#....##..##....####.##....#
#.....####.............'....#
#####..# #....÷........#....# #
##.###.##.####.##..#....##### #
#..÷..#........#..#.#....... #
#..##.#.##.....#...######### #
##.#..#>.#.....#.....### #
#.#..##.#.#...#.......##### #
#.#.....#.@..L#........#...
#######.#.....##.#.#..#......#...
...[....#........#....#......#...
........##########...#L......#...
.................................
.......########.###..#.######....
##.....# #..# .#...# ##...
##.....#######.## .#.### ####
.......##.......# ##.# #


You could see Boris (fast, empowered).

Vanquished Creatures
  Asmodeus (Geh:7)
  Dissolution (Slime:3)
  the Royal Jelly (Slime:5)
  5 dread liches
  5 orbs of fire
  Mara (Vaults:4)
  A pandemonium lord (D:10)
  4 ancient liches
  A juggernaut (Depths:3)
  Boris (twice) (Vaults:3 Crypt:2)
  A royal mummy (Tomb:1)
  2 Killer Klowns (Zot:5)
  Vv (Crypt:1)
  19 shard shrikes
  Saint Roka (Elf:3)
  Bai Suzhen (Spider:3)
  A curse toe (Zot:3)
  8 golden dragons
  Geryon (Hell)
  16 bone dragons
  Nikola (Elf:2)
  8 profane servitors
  Arachne (Spider:3)
  15 Tzitzimimeh
  6 doom hounds
  3 electric golems
  A spectral shard shrike (Tar:6)
  9 Brimstone Fiends
  13 tentacled monstrosities
  Rupert (D:14)
  2 hellephants
  A Hell Sentinel (Zot:5)
  17 tainted leviathans
  A walking earthen tome (Depths:2)
  Asterion (Spider:3)
  13 Ice Fiends
  8 liches
  8 titans
  19 Orb Guardians
  14 searing wretches
  A walking frostbound tome (Depths:2)
  2 quicksilver dragons
  Frances (Elf:1)
  17 acid blobs
  2 krakens
  3 deep elf master archers (Elf:3)
  11 sphinxes
  14 ancient champions
  6 death cobs
  Kirke (Lair:4)
  The ghost of Paij the Eclecticist, an adept OpCj of Vehumet (Spider:3)
  14 shadow dragons
  3 revenants
  13 storm dragons
  7 tengu reavers
  5 draconian knights
  17 narguns
  2 draconian monks
  12 rockslimes
  21 azure jellies
  Ilsuiw (Shoals:3)
  6 emperor scorpions
  24 fire giants
  13 frost giants
  An iron dragon (Hell)
  10 shard shrike simulacra
  15 vault wardens
  11 balrugs
  An imperial myrmidon (Desolation)
  2 spectral juggernauts
  Louise (Shoals:2)
  3 deep elf sorcerers (Elf:3)
  Aizul (Vaults:3)
  9 ghost moths
  An angel (WizLab)
  4 curse skulls (Crypt:1)
  8 draconian scorchers
  2 broodmothers
  3 draconian shifters
  13 reapers
  4 deep elf elementalists (Elf:3)
  2 draconian stormcallers
  2 orc warlords
  22 ironbound preservers
  7 spectral caustic shrikes
  17 very ugly things
  2 caustic shrike skeletons (Crypt:3)
  4 draconian annihilators
  2 war gargoyles (WizLab)
  16 ghouls
  A spriggan defender (Depths:2)
  12 quicksilver oozes
  10 stone giants
  3 green draconians
  9 red draconians
  Azrael (Elf:1)
  21 elemental wellsprings
  28 putrid mouths
  7 vampire knights
  A spectral titan (Tar:2)
  7 deep elf annihilators (Elf:3)
  2 bennus (Tomb:1)
  7 yellow draconians
  13 ironbound thunderhulks
  7 white draconians
  7 black draconians
  2 halazid warlocks (Desolation)
  18 wendigos
  11 purple draconians
  10 deep elf demonologists
  2 spark wasps
  3 minotaurs
  A spectral elf (Tar:1)
  9 dire elephants
  9 jiangshi
  9 merfolk impalers
  3 blizzard demons
  10 eidola
  8 deep elf death magi
  6 crystal guardians
  6 fire dragons
  A spectral iron giant (Tar:2)
  7 ragged hierophants (Desolation)
  13 ettins
  3 merfolk javelineers
  5 mummy priests
  A kraken zombie (Hell)
  6 entropy weavers
  10 great orbs of eyes
  11 deep elf high priests
  A quicksilver dragon skeleton (Crypt:2)
  3 spriggan zombies
  11 yaktaur captains
  11 servants of whispers (Desolation)
  8 salamander tyrants
  33 vault guards
  2 rakshasas
  2 spectral spriggans
  4 death knights
  2 radroaches
  Josephine (Lair:5)
  2 ogre magi
  15 centaur warriors
  7 boulder beetles
  5 caustic shrike simulacra
  A catoblepas (Gauntlet)
  5 hydras
  2 ice dragons (Hell)
  A spriggan air mage (Depths:1)
  2 jorogumos
  9 peacekeepers
  8 ironbound frosthearts
  5 juggernaut simulacra
  12 satyrs (Shoals:4)
  An alligator snapping turtle (shapeshifter) (D:15)
  2 deep troll shamans
  2 merfolk avatars
  2 stokers
  A boulder beetle (shapeshifter) (Vaults:5)
  33 dancing weapons
  8 vampire magi
  2 tengu warriors
  8 two-headed ogres
  4 death scarabs (Tomb:1)
  16 hell hogs
  An Orb Guardian skeleton (Crypt:3)
  9 orc high priests
  2 spriggan berserkers
  4 thrashing horrors (Lair:5)
  7 deep troll earth magi
  A titan zombie (Tomb:1)
  10 soul eaters
  2 spectral dire elephants
  Amaemon (D:8)
  2 spectral nagas
  Sonja (Lair:1)
  18 deep elf knights
  2 shock serpents (Elf:2)
  2 sun moths (Spider:4)
  21 hell knights
  6 sun demons
  9 pharaoh ants
  A sixfirhy (Depths:2)
  7 sea snakes
  18 shadow wraiths
  6 skysharks
  3 anaconda zombies
  A fire crab (Gauntlet)
  43 skeletal warriors
  61 deep trolls
  10 iron trolls
  3 quicksilver dragon simulacra
  A spectral anaconda (Tar:5)
  A shadow demon (Coc:3)
  10 spriggan simulacra
  9 deep elf archers
  4 flayed ghosts
  11 orb spiders
  A glowing orange brain (Vaults:3)
  2 bog bodies
  15 steelbarb worms
  13 wizards
  11 phantasmal warriors
  A bunyip skeleton (Crypt:1)
  A fenstrider witch simulacrum (Coc:2)
  Pikel (D:6)
  8 lindwurms
  20 ironbound convokers
  16 orc knights
  30 deep elf pyromancers
  2 oklob plants (Lair:4)
  A broodmother zombie (Crypt:2)
  24 deep elf zephyrmancers
  11 fauns
  A harpy (shapeshifter) (Elf:2)
  18 harpies
  8 shining eyes
  An anaconda skeleton (Hell)
  32 wolf spiders
  8 cyclopes
  A shadow dragon skeleton (Crypt:2)
  54 ugly things
  8 orc sorcerers
  9 necromancers
  19 manticores
  18 moths of wrath
  4 salamanders (WizLab)
  2 black mambas (Lair:2)
  Joseph (D:9)
  6 elephants
  6 rust devils
  15 gargoyles
  16 merfolk sirens
  An orange demon (D:8)
  3 titan simulacra
  5 ice statues
  13 molten gargoyles
  5 guardian serpents (Desolation)
  6 torpor snails
  11 smoke demons
  3 water nymphs
  12 demonic crawlers
  A guardian serpent (shapeshifter) (Depths:3)
  A cane toad (shapeshifter) (Depths:3)
  3 eyes of devastation
  18 hellions
  16 vault sentinels
  A minotaur zombie (Crypt:3)
  6 rime drakes
  An unseen horror (shapeshifter) (Vaults:2)
  4 unseen horrors
  2 bunyip simulacra (Coc:1)
  6 cane toads
  A kobold demonologist (D:13)
  A swamp worm zombie (Crypt:1)
  A death yak zombie (Crypt:2)
  10 komodo dragons
  28 yaktaurs
  7 anaconda simulacra
  An efreet (D:14)
  20 freezing wraiths
  12 tormentors
  3 ice devils
  2 tengu conjurers (D:15)
  A sea snake zombie (Hell)
  2 iron giant simulacra
  2 ancient zymes (Lair:5)
  11 guardian mummies
  5 spectral harpies
  A hydra zombie (Crypt:2)
  9 meliai
  A black draconian skeleton (Crypt:2)
  A sea snake skeleton (Hell)
  A silent spectre (Tar:4)
  A hellwing (Orc:2)
  A queen bee (Lair:3)
  7 trolls
  22 merfolk
  4 wind drakes
  Grinder (D:6)
  3 polar bears
  11 hornets
  A tarantella (shapeshifter) (Elf:1)
  A tarantella zombie (Crypt:3)
  33 tarantellas
  4 large abominations
  A raiju (Elf:2)
  A harpy skeleton (Crypt:2)
  54 saltlings (Desolation)
  22 blink frogs
  A tyrant leech (shapeshifter) (Vaults:4)
  4 iron dragon simulacra
  10 dream sheep
  A fire dragon zombie (Crypt:2)
  3 stone giant simulacra
  A snapping turtle (shapeshifter) (Lair:5)
  8 snapping turtles
  8 flying skulls
  109 slime creatures
  An alligator zombie (Crypt:3)
  3 spriggans
  16 water elementals
  4 air elementals (Elf:2)
  2 centaur simulacra
  An alligator skeleton (Crypt:1)
  36 jumping spiders
  16 shadows
  A guardian serpent skeleton (Crypt:1)
  A slime creature (shapeshifter) (Depths:4)
  64 yaks
  A vampire (D:12)
  29 culicivoras
  A wyvern (shapeshifter) (D:13)
  4 dire elephant simulacra
  13 wraiths
  2 naga simulacra
  12 golden eyes
  4 wyverns
  8 fire elementals
  66 redbacks
  A black mamba skeleton (Crypt:1)
  5 fire bats (Gauntlet)
  3 steam dragons
  5 ushabtiu
  3 hogs
  2 humans (shapeshifter)
  A neqoxec (Depths:2)
  3 chaos spawn
  2 vampire mosquitoes (D:10)
  A warg (Orc:2)
  12 harpy simulacra
  7 basilisks
  A glowing shapeshifter zombie (Depths:3)
  7 hell hounds
  2 hydra simulacra
  21 water moccasins
  2 floating eyes
  3 ettin simulacra
  78 orc warriors
  A sky beast (Elf:2)
  A black bear (Lair:3)
  5 boggarts (D:15)
  A fire dragon simulacrum (Crypt:3)
  An elephant skeleton (Crypt:3)
  5 centaurs
  5 wolves (Lair:5)
  9 ogres
  3 lemures (D:6)
  A phantom (D:6)
  A draconian zombie (Crypt:1)
  5 earth elementals
  7 small abominations
  5 necrophages
  8 bullfrogs
  A gnoll sergeant (D:9)
  A draconian skeleton (Crypt:1)
  2 scorpions
  18 wights
  34 killer bees
  A yak zombie (Crypt:1)
  3 lindwurm simulacra (IceCv)
  A swamp dragon simulacrum (Crypt:2)
  8 howler monkeys
  4 electric eels
  A lava snake (D:13)
  8 komodo dragon simulacra (IceCv)
  2 hounds
  2 jellies
  38 orc priests
  A gnoll bouda (D:6)
  A black bear skeleton (Crypt:3)
  Ijyb (D:3)
  7 iguanas
  6 lightning spires
  18 orc wizards
  A tengu zombie (Crypt:3)
  19 mummies
  11 adders
  8 gnolls
  4 acid dragon simulacra (IceCv)
  2 swamp drake skeletons (Crypt:3)
  2 shadow imps
  6 steam dragon simulacra (IceCv)
  5 worms
  2 dart slugs (D:2)
  119 orcs
  7 ball pythons
  6 endoplasms
  6 giant cockroaches
  12 goblins
  2 hobgoblins (D:2)
  8 jackals
  3 quokkas
  5 bats
  8 kobolds
  4 rats
  A river rat skeleton (Crypt:2)
  A ball lightning (Elf:2)
  3 creeping infernos
  18 fire vortices
  2 tentacles (Hell)
3252 creatures vanquished.

Vanquished Creatures (collateral kills)
  Antaeus (Coc:7)
  3 ancient liches
  An orb of fire (Zot:4)
  A royal mummy (Tomb:1)
  The ghost of Luiw the Slayer, a veteran HOBe of Trog (Vaults:3)
  2 shard shrikes (Coc:7)
  A caustic shrike (Depths:2)
  2 golden dragons
  4 Tzitzimimeh
  A Brimstone Fiend (Geh:6)
  2 bone dragons (Tar:7)
  2 Ice Fiends
  An electric golem (Zot:5)
  5 doom hounds
  4 hellephants
  5 tentacled monstrosities
  7 tainted leviathans
  A titan (Coc:4)
  7 Orb Guardians (Zot:5)
  4 acid blobs
  3 liches
  9 searing wretches
  An Executioner (Zot:1)
  3 sphinxes (Tomb:1)
  A death cob (Zot:1)
  2 shadow dragons
  4 draconian monks
  A storm dragon (Zot:3)
  A rockslime (Slime:4)
  11 narguns
  5 fire giants
  2 azure jellies
  A draconian knight (Zot:1)
  2 draconian scorchers (Zot:4)
  A frost giant (Coc:7)
  A spectral juggernaut (Tar:3)
  An iron dragon (Depths:4)
  A spectral caustic shrike (Tar:3)
  A ghost moth (Spider:4)
  5 balrugs
  2 draconian stormcallers
  2 draconian shifters
  A shard shrike simulacrum (Coc:7)
  3 reapers
  A spriggan defender (Depths:3)
  A draconian annihilator (Zot:4)
  A very ugly thing (Depths:2)
  2 quicksilver oozes
  3 elemental wellsprings
  4 putrid mouths
  3 black draconians
  3 green draconians
  4 red draconians
  2 spark wasps (Depths:4)
  5 wendigos
  A purple draconian (Zot:4)
  A white draconian (Zot:4)
  2 yellow draconians (Zot:4)
  2 ettins
  2 eidola (Tar:7)
  A mummy priest (Tomb:1)
  4 fire dragons
  A jiangshi (Depths:2)
  A yaktaur captain (Depths:4)
  A great orb of eyes (Slime:5)
  An ice dragon (Depths:3)
  A juggernaut simulacrum (Coc:7)
  3 caustic shrike simulacra (Coc:7)
  A hell beast (Coc:3)
  3 salamander tyrants (Geh:7)
  A demonspawn (Orc:2)
  2 stokers
  A death scarab (Tomb:1)
  5 deep troll earth magi
  10 hell hogs
  3 spectral nagas
  A soul eater (Tar:5)
  3 hell knights (Depths:3)
  2 iron trolls
  2 skeletal warriors (Tomb:1)
  7 deep trolls
  A quicksilver dragon simulacrum (Coc:1)
  An orb spider (Spider:4)
  A spriggan simulacrum (Coc:2)
  3 necromancers (Depths:3)
  2 ugly things (Depths:2)
  An orc sorcerer (Orc:2)
  A tengu zombie (Depths:3)
  A shining eye (Slime:1)
  A moth of wrath (Zot:1)
  2 ice statues
  A smoke demon (Depths:2)
  2 molten gargoyles (Geh:7)
  3 hellions
  A titan simulacrum (Coc:7)
  3 anaconda simulacra
  3 freezing wraiths
  5 tormentors
  2 spectral harpies
  4 guardian mummies (Tomb:1)
  2 iron dragon simulacra
  A hydra skeleton (Hell)
  10 slime creatures
  A dire elephant simulacrum (Coc:7)
  2 water elementals (Coc:7)
  2 shadows (Tar:5)
  An alligator skeleton (Hell)
  2 golden eyes (Slime:2)
  A sea snake simulacrum (Hell)
  An alligator snapping turtle simulacrum (Coc:3)
  A redback (Spider:4)
  4 harpy simulacra
  A hydra simulacrum (Zot:4)
  An ettin simulacrum (Coc:7)
  2 naga simulacra
  3 mummies (Tomb:1)
  A creeping inferno (Geh:7)
  7 fire vortices
291 creatures vanquished.

Vanquished Creatures (others)
  A searing wretch (Geh:5)
  A nargun (Coc:7)
  A draconian knight (Zot:4)
  A juggernaut simulacrum (Coc:7)
  A deep elf knight (Elf:2)
  A quicksilver dragon simulacrum (Coc:7)
  A deep elf pyromancer (Elf:1)
  2 dream sheep (Lair:4)
  A water elemental (Coc:7)
  3 humans (Lair:4)
  An orc warrior (Bailey)
  A ball lightning (Elf:2)
  4 bushes
  A creeping inferno (Geh:5)
  A fire vortex (Geh:5)
  36 fungi
  121 plants
  11 tentacles
189 creatures vanquished.

Grand Total: 3732 creatures vanquished

Notes
Turn   | Place    | Note
-------+----------+-------------------------------------------
     0 | D:1      | Lobster4 the Gargoyle Earth Elementalist began the quest
                  | for the Orb.
     0 | D:1      | Reached XP level 1. HP: 10/10 MP: 3/3
   161 | D:1      | Reached XP level 2. HP: 15/15 MP: 3/5
   392 | D:1      | Reached skill level 1 in Transmutations
   539 | D:1      | Reached XP level 3. HP: 17/20 MP: 6/6
   872 | D:2      | Reached skill level 1 in Armour
   942 | D:2      | Reached skill level 1 in Fighting
  1054 | D:2      | Reached XP level 4. HP: 22/25 MP: 1/7
  1058 | D:2      | Learned a level 3 spell: Stone Arrow
  2350 | D:3      | Reached XP level 5. HP: 28/29 MP: 8/8
  2355 | D:3      | Reached skill level 1 in Conjurations
  2389 | D:3      | Noticed Ijyb
  2408 | D:3      | Killed Ijyb
  3006 | D:4      | Reached skill level 5 in Earth Magic
  3083 | D:4      | Reached skill level 1 in Throwing
  3421 | D:4      | Reached XP level 6. HP: 24/35 MP: 6/10
  3880 | D:4      | Reached skill level 1 in Evocations
  4032 | D:5      | Entered Level 5 of the Dungeon
  4041 | D:5      | Reached XP level 7. HP: 40/40 MP: 5/11
  4432 | D:5      | Learned a level 2 spell: Passwall
  4569 | D:5      | Found a staircase to the Ecumenical Temple.
  4578 | Temple   | Entered the Ecumenical Temple
  4607 | Temple   | Became a worshipper of Vehumet
  5066 | D:6      | Noticed Grinder
  5074 | D:6      | Killed Grinder
  5075 | D:6      | Reached XP level 8. HP: 41/46 MP: 6/13
  5443 | D:6      | Noticed Pikel
  5537 | D:6      | Found Wesof's Gadget Gallery.
  5734 | D:6      | Killed Pikel
  5735 | D:6      | Reached skill level 1 in Shields
  5735 | D:6      | Reached XP level 9. HP: 52/52 MP: 10/15
  6420 | D:7      | Reached * piety under Vehumet
  6420 | D:7      | Offered knowledge of Freeze by Vehumet.
  6421 | D:7      | Reached skill level 5 in Fighting
  6474 | D:7      | Reached skill level 5 in Armour
  6935 | D:8      | Found Jupsamy's Jewellery Shop.
  6935 | D:8      | Noticed a hornet
  6965 | D:8      | Reached skill level 5 in Conjurations
  7098 | D:8      | Reached skill level 5 in Spellcasting
  7098 | D:8      | Reached XP level 10. HP: 59/59 MP: 9/17
  7429 | D:8      | Reached skill level 10 in Earth Magic
  7586 | D:8      | Found a glowing silver altar of Zin.
  7586 | D:8      | Found a hide-covered altar of Uskayaw.
  7914 | D:8      | Noticed an orange demon
  7917 | D:8      | Noticed Amaemon
  8089 | D:8      | Killed Amaemon
  8172 | D:8      | Killed an orange demon
  8381 | D:9      | Found a flagged portal.
  8437 | Bailey   | Entered a bailey
  9064 | Bailey   | Noticed an orc knight
  9088 | Bailey   | Killed an orc knight
  9089 | Bailey   | Reached skill level 5 in Shields
  9089 | Bailey   | Reached XP level 11. HP: 31/66 MP: 2/19
  9232 | Bailey   | Identified the +7 executioner's axe of Truth {heavy, Will+}
  9353 | D:9      | Noticed a cyclops
  9359 | D:9      | Killed a cyclops
  9489 | D:9      | Reached ** piety under Vehumet
  9489 | D:9      | Offered knowledge of Scorch by Vehumet.
  9598 | D:9      | Found a staircase to the Orcish Mines.
  9760 | D:9      | Offered knowledge of Frozen Ramparts by Vehumet.
 10149 | D:9      | Noticed Joseph
 10156 | D:9      | Killed Joseph
 10219 | D:9      | Found a large runed translucent door.
 10221 | D:9      | Found a large runed translucent door.
 10329 | D:9      | Reached *** piety under Vehumet
 10461 | D:9      | Found a staircase to the Lair.
 10513 | D:9      | Identified 2 scrolls of acquirement
 10513 | D:9      | Acquired the +1 pair of boots of Good Intentions {Dex+3}
 10525 | D:9      | Acquired 453 gold pieces
 10597 | D:8      | Bought the ring "Jitabozo" {rF+ rC+ EV+5 SInv Stlth-} for
                  | 897 gold pieces
 11009 | D:10     | Entered Level 10 of the Dungeon
 11009 | D:10     | You fall into a shaft and drop 1 floor!
 11029 | D:11     | Found Vaaluak's Weapon Emporium.
 11143 | D:10     | Offered knowledge of Sticky Flame by Vehumet.
 11283 | D:10     | Noticed a manticore
 11286 | D:10     | Killed a manticore
 11407 | D:10     | Identified the +8 dagger "Himim" {antimagic, Dex+2}
 11501 | D:10     | Reached **** piety under Vehumet
 11505 | D:10     | Offered knowledge of Flame Wave by Vehumet.
 11629 | D:10     | Reached XP level 12. HP: 75/75 MP: 19/22
 11857 | D:10     | Noticed a seven-headed hydra
 11862 | D:10     | Killed a seven-headed hydra
 12188 | D:11     | Found Diazxem's Weapon Emporium.
 12771 | D:11     | Found Qaisaez's Magic Scroll Shop.
 12902 | D:11     | Found Zurghub's Jewellery Shop.
 13105 | D:11     | Noticed a two-headed ogre
 13109 | D:11     | Killed a two-headed ogre
 13281 | Lair:1   | Entered Level 1 of the Lair of Beasts
 13797 | Lair:1   | Noticed Sonja
 13811 | Lair:1   | Killed Sonja
 14115 | Lair:1   | Reached skill level 10 in Fighting
 14656 | Lair:2   | Reached ***** piety under Vehumet
 14674 | Lair:2   | Offered knowledge of Ozocubu's Refrigeration by Vehumet.
 14818 | Lair:2   | Reached XP level 13. HP: 65/83 MP: 21/24
 14914 | Lair:2   | Found a staircase to the Shoals.
 16049 | Lair:3   | Found a gate leading to a gauntlet.
 16062 | Gauntlet | Entered a Gauntlet
 16062 | Gauntlet | Found a transporter.
 16062 | Gauntlet | Found a transporter.
 16114 | Gauntlet | Found a transporter.
 16114 | Gauntlet | Found a transporter.
 16114 | Gauntlet | Found a transporter.
 16116 | Gauntlet | Found a transporter.
 16124 | Gauntlet | Found a transporter.
 16128 | Gauntlet | Found a transporter.
 16138 | Gauntlet | Found a transporter.
 16241 | Gauntlet | Found a transporter.
 16243 | Gauntlet | Found a transporter.
 16253 | Gauntlet | Found a transporter.
 16344 | Gauntlet | Identified the ring of Descent {Dex+5 SInv}
 16444 | Gauntlet | Identified the +1 scimitar of Ekuteis {drain, Str-4 Int+3
                  | Dex+2 Stlth+}
 16506 | Gauntlet | Identified the ring "Oguet" {Will+ MP+9 AC+4}
 16561 | Gauntlet | Acquired Sif Muna's Handbook of Ashen Leadership
 16570 | Gauntlet | Learned a level 6 spell: Iron Shot
 16573 | Gauntlet | Noticed a minotaur
 16579 | Gauntlet | Killed a minotaur
 16580 | Gauntlet | Reached skill level 15 in Earth Magic
 16805 | Lair:3   | Found a hole to the Spider Nest.
 16949 | Lair:3   | Learned a level 5 spell: Lee's Rapid Deconstruction
 16954 | Lair:3   | Learned a level 4 spell: Petrify
 17749 | Lair:4   | Identified the +1 robe "Qorisiv" {rElec Int+3}
 18276 | Lair:4   | Noticed Kirke
 18401 | Lair:4   | Offered knowledge of Arcjolt by Vehumet.
 18428 | Lair:4   | Reached skill level 10 in Armour
 18798 | Lair:3   | Reached skill level 10 in Conjurations
 18837 | Lair:4   | Killed Kirke
 18961 | Lair:4   | Gained mutation: Your large and strong wings let you fly.
                  | [Gargoyle growth]
 18961 | Lair:4   | Reached XP level 14. HP: 92/92 MP: 26/26
 19235 | Lair:4   | Found a viscous altar of Jiyva.
 19237 | Lair:4   | Found a staircase to the Slime Pits.
 19519 | Lair:5   | Entered Level 5 of the Lair of Beasts
 20711 | Lair:5   | Noticed Josephine
 20742 | Lair:5   | Killed Josephine
 22554 | Lair:5   | Offered knowledge of Irradiate by Vehumet.
 22874 | Lair:5   | Reached XP level 15. HP: 100/100 MP: 24/28
 23017 | Lair:5   | Found a corrupted altar of Lugonu.
 23017 | Lair:5   | Found a one-way gate to the infinite horrors of the Abyss.
 23241 | Orc:1    | Entered Level 1 of the Orcish Mines
 23291 | Orc:2    | Entered Level 2 of the Orcish Mines
 23292 | Orc:2    | Found Vuogaejo's General Store.
 23456 | Orc:1    | Found a frozen archway.
 23464 | IceCv    | Entered an ice cave
 25094 | Orc:1    | Noticed an orc warlord
 25134 | Orc:1    | Killed an orc warlord
 25922 | Orc:1    | Reached skill level 10 in Spellcasting
 25939 | Orc:1    | Offered knowledge of Spellforged Servitor by Vehumet.
 25948 | Orc:1    | Learned a level 7 spell: Spellforged Servitor
 26378 | Orc:1    | Got Silaid's Handbook of Graupel
 26673 | Orc:2    | Found Zael Goi's General Store.
 26951 | Orc:2    | Found Zorche's General Store.
 27336 | Orc:2    | Reached ****** piety under Vehumet
 28292 | Orc:2    | Reached skill level 15 in Fighting
 28475 | Orc:2    | Found a staircase to the Elven Halls.
 28951 | Orc:2    | Found Ciffimon's Antique Armour Shop.
 28951 | Orc:2    | Found Ryir's Book Boutique.
 28975 | Orc:2    | Found a one-way gate leading to the halls of Pandemonium.
 30339 | D:13     | Identified the ring of Mobregal {*Corrode rPois rF- MP+9
                  | AC+4}
 30391 | D:13     | Got the Book of the Distorted Fjord
 30600 | D:13     | Found a gate to the Vaults.
 30605 | D:13     | Offered knowledge of Lightning Bolt by Vehumet.
 30606 | D:13     | Reached XP level 16. HP: 105/108 MP: 30/30
 31333 | D:14     | Noticed Rupert
 31347 | D:14     | Killed Rupert
 31603 | D:14     | Found an ancient bone altar of Kikubaaqudgha.
 32081 | D:14     | Reached skill level 1 in Summonings
 33039 | D:15     | Entered Level 15 of the Dungeon
 33647 | D:15     | a dire elephant changed into an iron giant
 33647 | D:15     | Noticed an iron giant (glowing shapeshifter)
 33653 | D:15     | an iron giant changed into an iron dragon
 33661 | D:15     | an iron dragon changed into a caustic shrike
 33661 | D:15     | Noticed a caustic shrike (glowing shapeshifter)
 33725 | D:15     | Noticed a shadow dragon
 33733 | D:15     | Noticed a fenstrider witch
 33742 | D:15     | Noticed a quicksilver dragon
 34036 | D:15     | Offered knowledge of Orb of Destruction by Vehumet.
 34185 | D:15     | Learned a level 7 spell: Orb of Destruction
 35526 | D:15     | Found a staircase to the Depths.
 35840 | Spider:1 | Entered Level 1 of the Spider Nest
 37514 | Spider:2 | Reached XP level 17. HP: 114/114 MP: 28/32
 38223 | Spider:2 | Reached skill level 1 in Fire Magic
 38378 | Spider:2 | Reached skill level 1 in Staves
 38913 | Spider:2 | Offered knowledge of Ignition by Vehumet.
 42295 | Spider:3 | Reached skill level 5 in Dodging
 43082 | Spider:3 | Found a runed translucent gate.
 43083 | Spider:3 | Found a runed translucent gate.
 43084 | Spider:3 | Found a runed translucent gate.
 43086 | Spider:3 | Noticed Paij's ghost (adept OpCj)
 43641 | Spider:3 | Noticed Arachne
 43648 | Spider:3 | Killed Arachne
 44071 | Spider:4 | Entered Level 4 of the Spider Nest
 44071 | Spider:4 | Noticed Asterion
 44130 | Spider:4 | Gained mutation: Potions are less effective at restoring
                  | your health. [a cacodemon]
 44355 | Spider:3 | Offered knowledge of Shatter by Vehumet.
 44355 | Spider:3 | Offered knowledge of Chain Lightning by Vehumet.
 44355 | Spider:3 | Offered knowledge of Polar Vortex by Vehumet.
 44603 | Spider:3 | Killed Asterion
 45015 | Spider:4 | Reached XP level 18. HP: 120/120 MP: 20/33
 45350 | Spider:4 | Reached skill level 5 in Summonings
 45818 | Spider:4 | Noticed Bai Suzhen
 46666 | Spider:3 | Killed Bai Suzhen
 46906 | Spider:4 | Reached skill level 5 in Fire Magic
 50075 | Spider:4 | Identified the +1 hat of Restlessness {rF+ rC++}
 50077 | Spider:4 | Got a gossamer rune of Zot
 50422 | Elf:1    | Entered Level 1 of the Elven Halls
 50882 | Elf:1    | Reached skill level 10 in Shields
 50943 | Elf:1    | Noticed Nikola
 51189 | Elf:1    | Noticed Azrael
 51195 | Elf:1    | Killed Azrael
 51291 | Elf:1    | Noticed Frances
 51297 | Elf:1    | Killed Frances
 51466 | Elf:1    | Found Ikej Vynk's General Store.
 51565 | Elf:1    | Found Ucedghix's Assorted Antiques.
 51572 | Elf:1    | Bought a scroll of teleportation for 45 gold pieces
 51861 | Elf:1    | Reached XP level 19. HP: 124/125 MP: 23/34
 51949 | Elf:1    | Found Jixinuid's Antique Weapon Boutique.
 52313 | Elf:2    | Reached skill level 1 in Maces & Flails
 52466 | Elf:2    | Paralysed by an air elemental for 1 turns
 52470 | Elf:2    | Paralysed by an air elemental for 1 turns
 52492 | Elf:2    | Found a crumbling gateway.
 52527 | Elf:2    | Killed Nikola
 52540 | Elf:2    | Reached skill level 15 in Conjurations
 52596 | Desolati | Entered the Desolation of Salt
 53658 | Desolati | Identified the +6 battleaxe of Anger {vamp, rF+ Will+}
 53661 | Desolati | Identified the +7 fire dragon scales of the Neverending
                  | Loafs {rF++ rC- rCorr}
 53686 | Desolati | Got Sif Muna's Excursus on Charged Blasts
 53691 | Desolati | Identified the +7 flail of Tipeeliw {flame, rElec Will+}
 54020 | Desolati | Identified the amulet of Bimucocs {Spirit Rampage}
 54022 | Desolati | Identified the ring of Deompuov {rC+ Str+6}
 54317 | Desolati | Identified the +2 leather armour "Gutyfiot" {Rampage Str+3}
 54317 | Desolati | Identified the ring of Unnaiff {Fly rN++ Dex-3}
 54825 | Desolati | Identified the ring of the Burgomaster {rElec Slay+4
                  | Stlth+}
 54827 | Desolati | Identified the ring "Nehi" {Int+2 Dex+5 Slay+4}
 56062 | Elf:2    | Got the Thoughts on Gases
 56622 | Elf:2    | Found a runed translucent gate.
 56622 | Elf:2    | Found a runed translucent gate.
 56622 | Elf:2    | Found a runed translucent gate.
 57951 | Elf:2    | Reached XP level 20. HP: 131/131 MP: 34/35
 58382 | Elf:3    | Entered Level 3 of the Elven Halls
 59818 | Elf:3    | Noticed Saint Roka
 60977 | Elf:3    | Killed Saint Roka
 61434 | Elf:3    | Identified the ring "Jimuej" {Drain rN+++ Int+5 SInv}
 61434 | Elf:3    | Identified the +9 long sword "Adgheixy" {protect, *Rage
                  | Str-3 Dex+9 Stlth+}
 61852 | Elf:3    | Reached skill level 5 in Maces & Flails
 61939 | Elf:3    | Identified the ring "Fyedun" {rN+ Will+ MP+9 Dex+3}
 62112 | Elf:3    | Identified the +2 battleaxe of the Forging Wolf {drain,
                  | *Rage Will+ Str+2}
 62115 | Elf:3    | Identified the ring "Xegudghor" {rC- Will+ AC+4 Str+4
                  | Slay+2}
 62293 | Elf:3    | Noticed a Brimstone Fiend
 62554 | Elf:3    | Identified the +2 chain mail of the Equator {rCorr}
 63311 | Elf:3    | Identified the +2 leather armour of Toejo {rF- Regen+
                  | Int+3}
 63311 | Elf:3    | Identified the ring "Wuirur" {rN+ AC+4 Str+3 Int+2 Dex-2}
 63552 | Elf:3    | Acquired 1148 gold pieces
 63554 | Elf:3    | Acquired the +1 pair of boots "Zouh Cesuly" {Fly Int+4
                  | Slay+2}
 63876 | Shoals:1 | Entered Level 1 of the Shoals
 65442 | Shoals:1 | Learned a level 6 spell: Starburst
 66251 | Shoals:2 | Reached XP level 21. HP: 136/136 MP: 36/36
 66333 | Shoals:2 | Identified the +3 tower shield "Beipp" {Str+3 Slay+3
                  | Stlth+}
 66333 | Shoals:2 | Noticed Louise
 66338 | Shoals:2 | Killed Louise
 66554 | Shoals:2 | Identified the +1 chain mail of Dil Reathu {Dex+3}
 66967 | Shoals:3 | Found Zanwots Xihy's Visitors' Centre.
 66967 | Shoals:3 | Found Zanwots Xihy's Merfolk Magic.
 67179 | Shoals:3 | Found Zanwots Xihy's Merfolk Armours.
 67179 | Shoals:3 | Found Zanwots Xihy's Merfolk Weapons.
 67571 | Shoals:3 | Got the Catalogue of Attendants
 67657 | Shoals:3 | Noticed Ilsuiw
 67671 | Shoals:3 | Killed Ilsuiw
 68624 | Shoals:4 | Entered Level 4 of the Shoals
 70322 | Shoals:4 | Got a barnacled rune of Zot
 70644 | Shoals:4 | Identified the +11 spear of Proximity {drain, +Blink Str+4}
 71002 | Vaults:1 | Entered Level 1 of the Vaults
 71002 | Vaults:1 | Found Buemen's Armour Shoppe.
 71853 | Vaults:1 | Found Xos Gigo's Magic Scroll Shop.
 71865 | Vaults:1 | Bought a scroll of blinking for 112 gold pieces
 71865 | Vaults:1 | Bought a scroll of teleportation for 45 gold pieces
 71865 | Vaults:1 | Bought a scroll of teleportation for 45 gold pieces
 71865 | Vaults:1 | Bought a scroll of teleportation for 45 gold pieces
 72425 | Vaults:1 | Found Unoemesh's Jewellery Emporium.
 72700 | Vaults:1 | Identified the +2 robe of Loss {rElec Int+4}
 73512 | Vaults:2 | Reached skill level 10 in Fire Magic
 73650 | Vaults:2 | Reached XP level 22. HP: 121/142 MP: 19/37
 76484 | Vaults:2 | Found the +18 shield of the Gong {Loud rN+ Will+ rCorr
                  | EV-5}
 78085 | Vaults:3 | Noticed Aizul
 78097 | Vaults:3 | Killed Aizul
 78356 | Vaults:3 | Noticed Boris
 78370 | Vaults:3 | Killed Boris
 78695 | Vaults:3 | Found a runed translucent gate.
 78696 | Vaults:3 | Found a runed translucent gate.
 78696 | Vaults:3 | Found a runed translucent gate.
 78696 | Vaults:3 | Noticed Luiw's ghost (veteran HOBe)
 79155 | Vaults:3 | Found a staircase to the Crypt.
 79953 | Vaults:3 | Found a viscous altar of Jiyva.
 80047 | Vaults:4 | Noticed Mara
 80051 | Vaults:4 | Noticed Lobster4's illusion
 80068 | Vaults:4 | Killed Mara
 80069 | Vaults:4 | Reached XP level 23. HP: 137/147 MP: 15/39
 81242 | Vaults:4 | Found Xaca's Distillery.
 81463 | Vaults:4 | Reached skill level 10 in Summonings
 82134 | Vaults:4 | Reached skill level 27 in Earth Magic
 83105 | Vaults:4 | Learned a level 9 spell: Shatter
 83160 | Vaults:5 | Entered Level 5 of the Vaults
 83163 | Vaults:5 | Reached skill level 15 in Shields
 83654 | Vaults:5 | Noticed a dread lich
 83702 | Vaults:5 | Noticed an ancient lich
 83709 | Vaults:4 | Killed a dread lich
 84019 | Vaults:4 | Killed an ancient lich
 84965 | Vaults:5 | Noticed a golden dragon
 85289 | Vaults:5 | Reached XP level 24. HP: 138/152 MP: 39/39
 86488 | Vaults:5 | Found Boygetuo's Distillery.
 86489 | Vaults:5 | Found Kasotisu's Antique Armour Shoppe.
 86493 | Vaults:5 | Bought a potion of magic for 168 gold pieces
 86493 | Vaults:5 | Found Jamogeto's General Store.
 86505 | Vaults:5 | Found Plog's Jewellery Shop.
 86630 | Vaults:5 | Noticed an ancient lich
 86640 | Vaults:5 | Killed an ancient lich
 87021 | Vaults:5 | Found Fuot Tikk's Antique Weapon Shoppe.
 87029 | Vaults:5 | Bought a crystal falchion for 360 gold pieces
 87029 | Vaults:5 | Identified the +6 falchion "Pendulum" {flame, Fly rPois
                  | Int+2} (You bought it in a shop on level 5 of the Vaults)
 87159 | Vaults:5 | Found Dovvof Hics's Distillery.
 87163 | Vaults:5 | Found Qiecuw's Distillery.
 87164 | Vaults:5 | Bought a potion of haste for 200 gold pieces
 87164 | Vaults:5 | Bought a potion of magic for 160 gold pieces
 87171 | Vaults:5 | Bought a potion of heal wounds for 70 gold pieces
 87192 | Vaults:5 | Found Xufoug Higoff's Distillery.
 87204 | Vaults:5 | Got a silver rune of Zot
 87212 | Vaults:5 | Found Ubyo's Distillery.
 87217 | Vaults:5 | Bought a potion of magic for 88 gold pieces
 87217 | Vaults:5 | Bought a potion of heal wounds for 55 gold pieces
 87675 | Vaults:5 | Found Lytziu's Distillery.
 87680 | Vaults:5 | Bought a potion of heal wounds for 105 gold pieces
 87680 | Vaults:5 | Bought a potion of heal wounds for 105 gold pieces
 87699 | Vaults:5 | Found Biteudeb's Magic Scroll Shop.
 87703 | Vaults:5 | Bought a scroll of magic mapping for 172 gold pieces
 87703 | Vaults:5 | Bought a scroll of poison for 92 gold pieces
 87859 | Vaults:5 | Bought a fine leather armour for 280 gold pieces
 87859 | Vaults:5 | Identified the +0 leather armour of the Ward {Int-3 Dex+2
                  | Stlth+} (You bought it in a shop on level 5 of the Vaults)
 87859 | Vaults:5 | Bought a distressingly furry scale mail for 360 gold pieces
 87859 | Vaults:5 | Identified the +6 scale mail of Sif Muna's Indignation
                  | {rCorr Int+2} (You bought it in a shop on level 5 of the
                  | Vaults)
 87961 | Crypt:1  | Entered Level 1 of the Crypt
 89636 | Crypt:1  | Noticed Vv
 89644 | Crypt:1  | Killed Vv
 90410 | Crypt:1  | Reached skill level 15 in Armour
 91266 | Crypt:2  | Reached XP level 25. HP: 157/157 MP: 35/40
 91399 | Crypt:2  | Found a shimmering blue altar of Sif Muna.
 91403 | Crypt:2  | Found a transporter.
 91993 | Crypt:2  | Noticed Boris
 91998 | Crypt:2  | Killed Boris
 93537 | Crypt:2  | Found a transporter.
 93658 | Crypt:3  | Entered Level 3 of the Crypt
 94757 | Crypt:3  | Found an ancient bone altar of Kikubaaqudgha.
 95624 | Crypt:3  | Found a staircase to the Tomb.
 96242 | Crypt:3  | Found a basalt altar of Yredelemnul.
 96248 | Crypt:3  | Found an ancient bone altar of Kikubaaqudgha.
 96457 | Crypt:3  | Found the +6 lightning scales {swift, rElec}
 96822 | D:15     | Upgraded the game from 0.30-a0-772-g5528072125 to
                  | 0.30-a0-777-ga9a30cbeda
 96837 | Depths:1 | Entered Level 1 of the Depths
 96954 | Depths:1 | Found a magical portal.
 97081 | WizLab   | Entered Maxwell's Workshop
 98423 | WizLab   | Identified the +1 short sword of Irrof {elec, Dex+7}
 98906 | Depths:1 | Found a glowing golden altar of the Shining One.
 99130 | Depths:1 | Found a gateway to Hell.
 99747 | Depths:2 | Found a one-way gateway to a ziggurat.
100227 | Depths:2 | Reached XP level 26. HP: 143/169 MP: 2/41
101060 | Depths:2 | Paralysed by a floating eye for 2 turns
101063 | Depths:2 | Paralysed by a floating eye for 4 turns
101271 | Depths:2 | Learned a level 8 spell: Lehudib's Crystal Spear
102149 | Depths:2 | Found a blossoming altar of Fedhas.
102258 | Depths:3 | Reached skill level 15 in Spellcasting
103044 | D:8      | Bought the amulet "Dairro" {RegenMP rPois Int+3} for 712
                  | gold pieces
103486 | Depths:3 | Noticed a juggernaut
103490 | Depths:3 | Killed a juggernaut
104037 | Depths:3 | Found a shadowy altar of Dithmenos.
104830 | Depths:4 | Entered Level 4 of the Depths
105811 | Depths:4 | Found a gate to the Realm of Zot.
106048 | Zot:1    | Entered Level 1 of the Realm of Zot
106930 | Zot:1    | Reached XP level 27. HP: 163/178 MP: 28/43
107468 | Zot:2    | Found a runed translucent gate.
107468 | Zot:2    | Found a runed translucent gate.
107468 | Zot:2    | Found an ancient bone altar of Kikubaaqudgha.
107468 | Zot:2    | Found a runed translucent gate.
107468 | Zot:2    | Noticed an ancient lich
107468 | Zot:2    | Noticed a dread lich
107468 | Zot:2    | Noticed an ancient lich
107785 | Zot:2    | Noticed an orb of fire
107791 | Zot:2    | Killed an orb of fire
107875 | Zot:2    | You are sucked into a shaft and drop 1 floor!
108442 | Zot:2    | Noticed Zeaxzic Paph's ghost (veteran OgBe)
108442 | Zot:2    | Noticed Kawoqao's ghost (legendary MiBe)
109023 | Zot:3    | Identified the +3 glaive of Evil {venom, rN+ Stlth+}
109318 | Zot:4    | Noticed an orb of fire
110314 | Zot:4    | Killed an orb of fire
110928 | Zot:5    | Entered Level 5 of the Realm of Zot
111656 | Zot:5    | Noticed an ancient lich
111731 | Zot:5    | Noticed an orb of fire
111733 | Zot:5    | Noticed an orb of fire
111734 | Zot:5    | Noticed an orb of fire
111736 | Zot:5    | Noticed an orb of fire
111994 | Zot:5    | Gained mutation: You sometimes lose your temper in combat.
                  | [an orb of fire]
112004 | Zot:4    | Gained mutation: You are dopey. (Int -2) [an orb of fire]
112006 | Zot:4    | Killed an orb of fire
112071 | Zot:5    | Gained mutation: You occasionally shout uncontrollably at
                  | your foes. [an orb of fire]
112074 | Zot:5    | Killed an orb of fire
112129 | Zot:5    | Gained mutation: Your magical capacity is low. (-10% MP)
                  | [an orb of fire]
112135 | Zot:5    | Killed an orb of fire
112233 | Zot:5    | Gained mutation: Your body sometimes deteriorates upon
                  | taking damage. [an orb of fire]
112234 | Zot:5    | Killed an orb of fire
112422 | Zot:5    | Killed an ancient lich
112612 | Zot:5    | Identified the +1 flail of War {drain, Str+3 Stlth+}
113261 | Elf:1    | Bought a potion of magic for 248 gold pieces
113261 | Elf:1    | Bought a scroll of poison for 124 gold pieces
114325 | Vaults:5 | Bought a potion of mutation for 88 gold pieces
114336 | Vaults:5 | Bought a potion of mutation for 160 gold pieces
114365 | Vaults:4 | Bought a potion of mutation for 160 gold pieces
115095 | D:9      | Found a glowing golden altar of the Shining One.
115105 | D:9      | Found an ornate altar of the Wu Jian Council.
115309 | Spider:3 | Killed Paij's ghost
115715 | Vaults:3 | Killed Luiw's ghost
115786 | Vaults:3 | Identified the +9 broad axe "Sicewul" {venom, rN+ Will+}
115795 | Vaults:3 | Lost mutation: You occasionally shout uncontrollably at
                  | your foes. [potion of mutation]
115795 | Vaults:3 | Lost mutation: Your magical capacity is low. (-10% MP)
                  | [potion of mutation]
115795 | Vaults:3 | Lost mutation: You sometimes lose your temper in combat.
                  | [potion of mutation]
115795 | Vaults:3 | Gained mutation: Your body often deteriorates upon taking
                  | damage. [potion of mutation]
115795 | Vaults:3 | Lost mutation: You are dopey. (Int -2) [potion of mutation]
115795 | Vaults:3 | Gained mutation: You are vulnerable to cold. (rC-) [potion
                  | of mutation]
115795 | Vaults:3 | Gained mutation: You are partially covered in iridescent
                  | scales. (AC +2) [potion of mutation]
116371 | Zot:5    | Noticed a dread lich
116376 | Zot:5    | Killed a dread lich
116404 | Zot:5    | Reached skill level 1 in Axes
116661 | Zot:5    | Noticed a dread lich
116668 | Zot:5    | Killed a dread lich
116719 | Zot:5    | Noticed a dread lich
116736 | Zot:5    | Killed a dread lich
116826 | Zot:5    | Noticed an ancient lich
116847 | Zot:5    | Killed an ancient lich
118015 | Slime:1  | Entered Level 1 of the Pits of Slime
118124 | Slime:1  | Gained mutation: Potions cannot restore your health. [a
                  | shining eye]
118233 | Slime:1  | Gained mutation: You are weak. (Str -2) [a shining eye]
118235 | Slime:1  | Gained mutation: You expend magic power (3 MP) to
                  | strengthen your wands. [a shining eye]
118237 | Slime:1  | Lost mutation: Your body often deteriorates upon taking
                  | damage. [potion of mutation]
118237 | Slime:1  | Lost mutation: You are vulnerable to cold. (rC-) [potion of
                  | mutation]
118237 | Slime:1  | Lost mutation: Potions cannot restore your health. [potion
                  | of mutation]
118237 | Slime:1  | Lost mutation: Your body sometimes deteriorates upon taking
                  | damage. [potion of mutation]
119679 | Slime:3  | Noticed Dissolution
119684 | Slime:3  | Killed Dissolution
120047 | Slime:4  | Gained mutation: You occasionally lose the ability to read
                  | scrolls when taking damage. [a shining eye]
120054 | Slime:3  | Lost mutation: You expend magic power (3 MP) to strengthen
                  | your wands. [potion of mutation]
120054 | Slime:3  | Lost mutation: You occasionally lose the ability to read
                  | scrolls when taking damage. [potion of mutation]
120054 | Slime:3  | Gained mutation: You have large cloven feet. [potion of
                  | mutation]
120055 | Slime:3  | Lost mutation: You are partially covered in iridescent
                  | scales. (AC +2) [potion of mutation]
120055 | Slime:3  | Lost mutation: You are weak. (Str -2) [potion of mutation]
120055 | Slime:3  | Lost mutation: Potions are less effective at restoring your
                  | health. [potion of mutation]
120055 | Slime:3  | Gained mutation: Your flesh is heat resistant. (rF+)
                  | [potion of mutation]
120632 | Slime:4  | Reached skill level 5 in Axes
121246 | Slime:4  | Reached skill level 27 in Conjurations
122042 | Slime:5  | Entered Level 5 of the Pits of Slime
122222 | Slime:5  | Noticed the Royal Jelly
122349 | Slime:5  | Killed the Royal Jelly
122622 | Slime:5  | Identified the +6 rapier "Detanof" {antimagic, rF++}
122660 | Slime:5  | Got Sif Muna's Precepts of Inconstant Nephomancy
122663 | Slime:5  | Got a slimy rune of Zot
122675 | Slime:5  | Identified the +4 long sword of Fundamental Breach {vamp,
                  | Dex+3 SInv}
122685 | Slime:5  | Identified the +8 quarterstaff of Angoexty {heavy, rCorr
                  | Str+2 Stlth+}
122687 | Slime:5  | Identified the +8 great mace "Z" {pain, +Blink rC+ rN+
                  | SInv}
123595 | Tomb:1   | Entered Level 1 of the Tomb of the Ancients
124114 | Tomb:1   | Noticed a royal mummy
124117 | Tomb:1   | Killed a royal mummy
124221 | Tomb:1   | Noticed a royal mummy
124228 | Tomb:1   | Killed a royal mummy
125219 | Hell     | Entered the Vestibule of Hell
125219 | Hell     | Noticed Geryon
125231 | Hell     | Killed Geryon
125783 | Hell     | Found a gateway to the decaying netherworld of Tartarus.
125870 | Hell     | Found a gateway to the freezing wastes of Cocytus.
125963 | Hell     | Found a gateway to the Iron City of Dis.
126028 | Hell     | Found a gateway to the ashen valley of Gehenna.
126121 | Geh:1    | Entered Level 1 of Gehenna
126587 | Geh:2    | Noticed an ancient lich
126590 | Geh:2    | Killed an ancient lich
127163 | Geh:5    | Noticed an ancient lich
127234 | Geh:5    | Killed an ancient lich
127235 | Geh:5    | Reached skill level 5 in Evocations
127769 | Geh:7    | Entered Level 7 of Gehenna
128735 | Geh:7    | Identified the +7 short sword "Pyephede" {flame, rElec
                  | rCorr Int+3}
129327 | Geh:7    | Identified the amulet "Illuhoorph" {Acrobat Fly rPois rF-
                  | Will+++}
129482 | Geh:7    | Found the +7 sceptre of Asmodeus
129482 | Geh:7    | Noticed Asmodeus
129492 | Geh:7    | Killed Asmodeus
129513 | Geh:7    | Got an obsidian rune of Zot
129699 | Coc:1    | Entered Level 1 of Cocytus
129998 | Coc:2    | Noticed a dread lich
130003 | Coc:2    | Killed a dread lich
131237 | Coc:4    | Noticed an ancient lich
131245 | Coc:4    | Killed an ancient lich
132816 | Coc:7    | Entered Level 7 of Cocytus
132900 | Coc:7    | Paralysed by a wendigo for 1 turns
133041 | Coc:7    | Paralysed by a wendigo for 1 turns
133718 | Coc:7    | Noticed Antaeus
133757 | Coc:7    | Killed Antaeus
134071 | Coc:7    | Found the necklace of Bloodlust {Fury *Rage Will++ Int-3
                  | Slay+6}
134080 | Coc:7    | Got an icy rune of Zot
134661 | Coc:7    | Identified the +2 morningstar of the Tomato {elec, rN+
                  | SInv}
134663 | Coc:7    | Identified the ring of the Charming Gods {Fire Will+}
134860 | Coc:7    | Found the +3 giant club "Skullcrusher" {speed, Str+7}
134879 | Coc:7    | Paralysed by a wendigo for 1 turns
135197 | Tar:1    | Entered Level 1 of Tartarus
137580 | Tar:5    | Reached skill level 10 in Axes
138832 | Tar:7    | Entered Level 7 of Tartarus
139653 | Tar:7    | Got the Lectures on Changing
139945 | Tar:7    | Identified the +6 halberd "Orb Guardian's Death" {freeze,
                  | rElec rPois rF++ Int+3}
140048 | Tar:7    | Identified the ring of Reuwujul {Will+ SInv Stlth+}
140056 | Tar:7    | Identified the amulet "Myuranuf" {Reflect -Tele rF++ SH+5
                  | SInv}
140063 | Tar:7    | Identified the amulet "Bimosuq" {Faith Int+4}
140085 | Tar:7    | Identified the +4 short sword of Tartarus {freeze, rN+
                  | rCorr}
140106 | Tar:7    | Identified the +4 shortbow "Hiuch" {freeze, rN+ Str+3}
140144 | Tar:7    | Identified the +5 scale mail of the Kangaroo {Rampage rElec
                  | rF-}
141019 | Tar:7    | Noticed Ereshkigal
141030 | Tar:7    | Paralysed by Ereshkigal for 2 turns
141774 | Zot:5    | Got the Orb of Zot
142152 | D:11     | Noticed Cyfay the pandemonium lord
142161 | D:10     | Killed Cyfay the pandemonium lord
142307 | D:5      | Noticed Giagy the pandemonium lord
142419 | D:1      | Noticed Boris
142423 | D:$      | Escaped with the Orb!

Illustrated notes

Levels and vault maps discovered:
D:1:      ebering_trefoil_twist, layout_basic
D:2:      minmay_spotlight, layout_basic
D:3:      kennysheep_goblin_castle, layout_basic, serial_co_window_serial,
          co_window_cross_1, co_window_corner_a, co_window_of_opportunity_a,
          co_window_cross_1, co_window_paths_a, co_window_of_opportunity_b,
          co_window_unsneaky_path_a, co_window_2corner, co_window_corner_b,
          co_window_2corner, co_window_paths_d, glass_columns_a, glass_columns_a
D:4:      dreamdust_elfheim, layout_cave_pods
D:5:      layout_rooms, minmay_temple_entry_antechambers
D:6:      layout_gridville, nicolae_shop_gadgets, uniq_grinder, uniq_pikel
D:7:      layout_rooms, minmay_circle_x
D:8:      layout_loops_ring, mainiacjoe_overflow_large_starburst,
          kennysheep_windowed_goal, uniq_amaemon
D:9:      layout_basic, jmf_multi_god_temple2, lair_entry_dummy, david_orc_5,
          enter_bailey_2, uniq_joseph
D:10:     layout_basic, special_room [special_room_orc], hex_intersection,
          hangedman_fish_farm
D:11:     layout_basic, serial_shops, nicolae_shop_bloodbath_and_beyond, shop,
          shop, nicolae_shop_crystal
D:12:     layout_roguey, lemuel_nasty_fountain
D:13:     minmay_weird_star, layout_basic, lightli_vaults_fourway_checkpoint,
          fungi_pond_lemuel
D:14:     layout_cave_pods, wad_woods_river_04, kiku_gazebo_pond_becter,
          uniq_rupert
D:15:     gammafunk_enter_depths_forms, layout_layer_cave, grunt_decor_clamped
Temple:   dpeg_three_leaves_temple
Lair:1:   layout_misc_corridors, grunt_megastairs_1, uniq_sonja
Lair:2:   layout_small_grid, shoals_dummy_entry, lemuel_fruit_tree
Lair:3:   layout_cave_pods, nicolae_spider_entry_lesser_pyramids,
          gauntlet_entry_generic, special_room [special_room_bee],
          grunt_forest_small_clearing_treed
Lair:4:   layout_gridlike, minmay_slime_entry_oklob_enclosed, st_stairs_3,
          nicolae_lair_grazing_beasts [nicolae_sub_lair_graze_edge,
          nicolae_sub_lair_graze_edge, nicolae_sub_lair_graze_edge,
          nicolae_sub_lair_graze_edge], uniq_kirke
Lair:5:   hellmonk_lair_end_abyssal_woods, layout_small_grid,
          infiniplex_staircase_pool_2, uniq_josephine
Shoals:1: layout_shoals, yaktaur_hedge
Shoals:2: layout_shoals, uniq_louise
Shoals:3: nicolae_shoals_mermall, layout_shoals, nicolae_shoals_water_booths,
          uniq_ilsuiw
Shoals:4: shoals_end_hellmonk_lost_city
Spider:1: layout_spider_delve
Spider:2: layout_chambers
Spider:3: layout_chambers, ebering_ghost_rock_garden, uniq_arachne
Spider:4: spider_rune_water, drop_trap, nicolae_arachne_temple, uniq_asterion,
          uniq_bai_suzhen
Slime:1:  cheibrodos_slime_lost_civilization_8, layout_caves,
          cheibrodos_slime_lost_civilization_6
Slime:2:  layout_caves
Slime:3:  layout_caves, uniq_dissolution
Slime:4:  cheibrodos_slime_lost_civilization_3, layout_caves, dissolution_awaits
Slime:5
Orc:1:    orc_temple, layout_caves, portal_ice_cave_entry_pillars_2
Orc:2:    pf_orc_diabolical, layout_caves, serial_shops, shop
Elf:1:    minmay_ambush_box, layout_gridlike, serial_shops,
          nicolae_shop_overgrown_old_shop, hangedman_elf_represent,
          st_stairs_13, minmay_shoptagon, uniq_frances, uniq_azrael, uniq_nikola
Elf:2:    elven_hall_of_blades_hangedman_original [nooodl_blade_entry_preview],
          layout_onion_city, portal_desolation_entry_nicolae_slug,
          serial_co_window_serial, co_window_corner_a, co_window_paths_a,
          co_window_cross_1, co_window_corner_a, co_window_corner_a,
          co_window_of_opportunity_a, co_window_paths_b, co_window_broadway_c,
          co_window_cross_2, co_window_corner_cb, co_window_of_opportunity_b,
          glass_columns_b, glass_columns_a,
          nicolae_elf_glass_and_crystal_pillar_2, hangedman_research_electronics
Elf:3:    minmay_elf_hall_not_hex, layout_geoelf_octagon, uniq_saint_roka
Vaults:1: nicolae_vaults_what_the_h, v_misc_18, vaults_room_corners,
          vaults_room_boxed, v_pattern_2, v_misc_4, vaults_room_semicircle,
          vaults_room_grid, vaults_room_grid, nicolae_vaults_shelves_hall,
          layout_vaults_omnigrid, serial_shops, shop, nicolae_shop_stone, shop
Vaults:2: v_misc_2, nicolae_vaults_network_periphery, vaults_standard_mumra_x,
          v_misc_1, ontoclasm_vaults_ligature, ontoclasm_vaults_pinch,
          hellmonk_guarded_unrand_gong, nicolae_vaults_network_star,
          hangedman_vaults_trim, ontoclasm_vaults_misaligned,
          vaults_dpeg_diagonal, vaults_room_door_ring, vaults_dpeg_doors,
          nicolae_vaults_asterisk, layout_vaults_maze
Vaults:3: gammafunk_ghost_ooze, vaults_mumra_minichess_inversion,
          minmay_crypt_entry_simple_statues, vaults_room_fancy_cross,
          v_alt_pattern_6, v_misc_8, nicolae_vaults_circle_grid_a,
          ontoclasm_vaults_ring_large, v_misc_26, vaults_dpeg_ring,
          special_room_vaults [special_room_orc], ontoclasm_vaults_shuriken,
          layout_vaults_ring, uniq_boris, uniq_aizul
Vaults:4: grunt_vaults_twisty, v_misc_5, v_misc_24, vaults_mumra_minichess,
          v_misc_16, st_diamondy, hangedman_vaults_capsules,
          ontoclasm_vaults_eye, ontoclasm_vaults_chip,
          nicolae_vaults_little_squares_6, layout_vaults_big_room, serial_shops,
          shop, uniq_mara
Vaults:5
Crypt:1:  layout_misc_corridors, grunt_megastairs_3, uniq_vv
Crypt:2:  gammafunk_sealed_library, layout_misc_corridors, grunt_ministairs_15,
          serial_sigils_hangedman_quiver
Crypt:3:  lightli_unholy_cathedral, layout_chaotic_city,
          nicolae_tomb_entry_unfolded_pyramid_orthogonal, basic_altar
Tomb:1
Depths:1: layout_gridlike, nicolae_tso_carved_into_rock,
          pf_dread_powers_of_hell, lightli_enter_wizlab_magi_temple,
          feat_on_display
Depths:2: minmay_outward_triangles, layout_cave_pools, enter_ziggurat_d,
          hangedman_glass_teeth, hell_entry, rand_demon_pan_entry_7,
          chequers_serial_rivers_large_b, fedhas_altar_1
Depths:3: kennysheep_blocky_room, layout_gridlike,
          grunt_dithmenos_smoke_and_mirrors, grunt_hell_horde, abyss_entry,
          grunt_megastairs_4
Depths:4: evilmike_zot_entry_hall, layout_gridlike, pf_hell_entry_tar_river,
          hangedman_decor_growths, abyss_entry_small_statue_room,
          serial_bayou_shore_a
Hell
Geh:1:    layout_gehenna_lava_caves
Geh:2:    layout_gehenna_pools_basic
Geh:3:    layout_gehenna_pools_triple
Geh:4:    layout_gehenna_pools_basic
Geh:5:    layout_gehenna_pools_box, hangedman_hellfire_club
Geh:6:    layout_gehenna_pools_basic
Geh:7:    geh_grunt
Coc:1:    layout_ice_bergs
Coc:2:    layout_ice_bergs
Coc:3:    nicolae_hells_demon_pit, layout_cocytus_delve
Coc:4:    layout_ice_bergs
Coc:5:    nicolae_hells_giants_party, layout_cocytus_water_paths
Coc:6:    layout_ice_bergs
Coc:7:    coc_mu
Tar:1:    layout_grid_maze
Tar:2:    layout_grid_maze
Tar:3:    layout_catacombs, nicolae_tar_combbox
Tar:4:    layout_cathedral_of_symmetry
Tar:5:    minmay_shadows, layout_honeycomb, nicolae_tar_cuneiform_three
Tar:6:    layout_catacombs
Tar:7:    tar_mu [tar_mu_maze]
Zot:1:    layout_gridlike, uniq_josephina
Zot:2:    kennysheep_six_static_rooms, layout_misc_corridors,
          gammafunk_ghost_crypt, st_single_dragon_hoard_3
Zot:3:    layout_twisted_circle, grunt_megastairs_2
Zot:4:    kennysheep_spiral_hall, layout_gridville,
          hangedman_elemental_grid_stream
Zot:5:    layout_basic, drop_trap

Skill      XL: |  1  2  3  4  5  6  7  8  9 10 11 12 13 14 15 16 17 18 19 20 21 22 23 24 25 26 27 |
---------------+----------------------------------------------------------------------------------+-----
Transmutations | 1 3 |  3.0
Earth Magic    | 4 5 6 8 9 11 12 14 15 17 18 19 20 22 23 24 25 26 27 | 27.0
Armour         | 1 2 3 4 5 6 7 8 10 11 12 13 14 15 16 24 | 24.8
Fighting       | 1 2 3 4 5 6 8 10 12 14 15 16 18 19 26 | 26.6
Dodging        | 2 4 5 |  5.0
Conjurations   | 1 2 3 4 5 6 7 8 10 11 12 13 14 15 16 17 20 22 24 25 27 | 27.0
Throwing       | 1 |  1.0
Evocations     | 1 2 3 7 |  7.0
Spellcasting   | 3 4 5 6 7 8 9 10 11 12 13 14 16 23 | 23.1
Shields        | 1 3 5 6 8 10 11 12 13 15 22 | 22.0
Stealth        | 3 |  3.0
Summonings     | 3 4 5 6 7 8 9 10 13 | 13.0
Fire Magic     | 4 5 7 9 10 | 10.0
Staves         | 3 4 |  4.0
Maces & Flails | 3 5 6 7 8 |  8.5
Axes           | 10 | 10.9

Action                     |  1- 3 |  4- 6 |  7- 9 | 10-12 | 13-15 | 16-18 | 19-21 | 22-24 | 25-27 || total
---------------------------+-------+-------+-------+-------+-------+-------+-------+-------+-------++-------
  Melee: Unarmed           |     7 |       |       |       |       |       |       |       |       ||     7
         Hand axe          |    43 |    75 |       |    38 |       |       |       |       |       ||   156
         Staff             |       |       |       |       |    11 |    82 |    54 |    61 |       ||   208
         Flail             |       |       |       |       |       |       |       |    73 |    13 ||    86
         Broad axe         |       |       |       |       |       |       |       |       |    58 ||    58
  Throw: Dart              |       |       |     1 |       |     2 |    78 |    51 |    14 |    12 ||   158
         Javelin           |       |       |       |       |     2 |     5 |     1 |       |       ||     8
   Cast: Sandblast         |    26 |    62 |   148 |   213 |   252 |   225 |   108 |   113 |   212 ||  1359
         Stone Arrow       |       |       |     6 |   212 |   341 |   237 |   333 |    75 |   116 ||  1320
         Iron Shot         |       |       |       |       |   261 |   593 |   569 |   717 |  1768 ||  3908
         Lee's Rapid Decon |       |       |       |       |     1 |     3 |    55 |    49 |    42 ||   150
         Orb of Destructio |       |       |       |       |       |       |     8 |       |     1 ||     9
         Starburst         |       |       |       |       |       |       |     9 |    19 |     4 ||    32
         Shatter           |       |       |       |       |       |       |       |    12 |   259 ||   271
         Spellforged Servi |       |       |       |       |       |       |       |       |   270 ||   270
         Lehudib's Crystal |       |       |       |       |       |       |       |       |   169 ||   169
  Evoke: Wand              |       |       |     6 |    24 |    20 |    30 |    10 |       |    13 ||   103
         Box of beasts     |       |       |       |       |     2 |     2 |     1 |     1 |       ||     6
         Phial of floods   |       |       |       |       |       |     2 |       |     1 |       ||     3
         Phantom mirror    |       |       |       |       |       |       |     1 |     1 |     2 ||     4
         Tin of tremorston |       |       |       |       |       |       |       |     2 |     2 ||     4
         Lightning rod     |       |       |       |       |       |       |       |       |     2 ||     2
    Use: Potion            |       |     1 |       |     2 |     1 |    13 |     9 |     5 |    17 ||    48
         Scroll            |       |       |     8 |    14 |    17 |    22 |    11 |     5 |    25 ||   102
   Stab: Sleeping          |     2 |     2 |       |       |       |       |       |       |       ||     4
         Distracted        |       |       |       |       |       |       |       |     1 |       ||     1
 Armour: Robe              |    16 |    16 |       |       |    24 |   317 |       |       |       ||   373
         Leather armour    |       |    30 |    71 |    55 |   178 |    47 |   279 |   210 |       ||   870
         Scale mail        |       |       |       |       |       |       |       |    72 |   186 ||   258
         Fire dragon scale |       |       |       |       |       |       |       |       |   559 ||   559
  Dodge: Dodged            |    57 |    71 |    77 |   160 |   293 |   486 |   390 |   223 |   524 ||  2281
  Block: Other             |       |       |     1 |     3 |       |       |       |       |       ||     4
         Buckler           |       |       |       |   123 |   252 |   324 |   128 |       |   405 ||  1232
         Reflection        |       |       |       |    18 |     7 |    19 |    79 |    61 |    35 ||   219
         Kite shield       |       |       |       |       |       |       |   302 |   953 |   111 ||  1366

Table legend: (Time is in decaauts)
 A = Elapsed time spent in this place.
 B = Non-inter-level travel time spent in this place.
 C = Inter-level travel time spent in this place.
 D = Time resting spent in this place.
 E = Time spent auto-exploring this place.
 F = Levels seen in this place.
 G = Mean time per level.
                   A        B        C        D        E       F      G
               +--------+--------+--------+--------+--------+-----+--------+
         Total | 143505 | 130886 |  12619 |  45102 |  58593 |  84 | 1708.4 |
       Dungeon |  22331 |  18891 |   3440 |   2597 |  12784 |  15 | 1488.7 |
        Temple |     88 |     74 |     14 |      0 |     59 |   1 |   88.0 |
          Lair |  10408 |   9305 |   1103 |   2029 |   5653 |   5 | 2081.6 |
        Shoals |   6973 |   6824 |    149 |   2043 |   3902 |   4 | 1743.2 |
   Spider Nest |  14538 |  13733 |    805 |   6011 |   5405 |   4 | 3634.5 |
    Slime Pits |   5061 |   4407 |    654 |   1097 |   2459 |   5 | 1012.2 |
  Orcish Mines |   5537 |   5061 |    476 |   1990 |   2162 |   2 | 2768.5 |
   Elven Halls |  10366 |   9688 |    678 |   4348 |   3125 |   3 | 3455.3 |
        Vaults |  18257 |  16865 |   1392 |   7342 |   6929 |   5 | 3651.4 |
         Crypt |   8809 |   8258 |    551 |   3431 |   3467 |   3 | 2936.3 |
          Tomb |   1278 |   1125 |    153 |    331 |    410 |   1 | 1278.0 |
        Depths |   8386 |   7172 |   1214 |   2335 |   3487 |   4 | 2096.5 |
          Hell |   1877 |   1725 |    152 |    984 |    382 |   1 | 1877.0 |
       Gehenna |   3349 |   3161 |    188 |   1296 |    376 |   7 |  478.4 |
       Cocytus |   5220 |   5049 |    171 |   1905 |   1601 |   7 |  745.7 |
      Tartarus |   5523 |   5060 |    463 |   1908 |   1451 |   7 |  789.0 |
           Zot |   8437 |   7427 |   1010 |   1845 |   3795 |   5 | 1687.4 |
        Bailey |    897 |    897 |      0 |    496 |    173 |   1 |  897.0 |
      Ice Cave |    978 |    978 |      0 |    531 |    265 |   1 |  978.0 |
        Wizlab |   1555 |   1555 |      0 |    729 |    247 |   1 | 1555.0 |
    Desolation |   2954 |   2954 |      0 |   1670 |    189 |   1 | 2954.0 |
      Gauntlet |    674 |    674 |      0 |    181 |    271 |   1 |  674.0 |
               +--------+--------+--------+--------+--------+-----+--------+

Top non-repeatable levels by time:
Vaults:4: 5484 daAuts
   Elf:2: 5207 daAuts
Spider:3: 5159 daAuts
Vaults:3: 4304 daAuts
Spider:4: 4272 daAuts
Vaults:1: 3659 daAuts
Spider:2: 3563 daAuts
   Elf:3: 3349 daAuts
 Crypt:1: 3272 daAuts
    D:14: 3119 daAuts
Vaults:2: 3107 daAuts
  Lair:5: 3075 daAuts
Depths:1: 2973 daAuts
Desolation: 2954 daAuts
 Crypt:2: 2947 daAuts
